 Dungeon Crawl Stone Soup version 0.17-a0-1882-g750edc8 (webtiles) character file.

734 Banto the Frost Mage (level 7, -6/46 HPs)
             Began as a Merfolk Ice Elementalist on Sept 23, 2015.
             Mangled by a killer bee (8 damage)
             ... on level 5 of the Dungeon.
             The game lasted 00:08:42 (4804 turns).

Banto the Frost Mage (Merfolk Ice Elementalist)     Turns: 4804, Time: 00:08:42

Health: -6/46      AC:  2    Str:  9    XL:     7   Next: 74%
Magic:  0/10       EV: 19    Int: 19    God:
Gold:   177        SH:  0    Dex: 24    Spells: 3 memorised, 2 levels left

rFire  . . .     SeeInvis .     o - +0 trident
rCold  . . .     Clarity  .     a - +0 robe
rNeg   . . .     SustAt   .     (no shield)
rPois  .         Gourm    .     (no helmet)
rElec  .         Spirit   .     (no cloak)
rCorr  .         Warding  .     (no gloves)
rMut   .         Stasis   .     (no boots)
MR     .....                    (no amulet)
Stlth  ++++......               l - +3 ring of dexterity
                                e - ring of flight

@: brilliant, agile, lethally poisoned (-6 -> -15), not resistant to hostile
enchantments, stealthy
A: change form in water, swift swim
a: Evoke Flight


You were on level 5 of the Dungeon.
You were not hungry.

You visited 2 branches of the dungeon, and saw 6 of its levels.

You collected 177 gold pieces.

Inventory:

Hand weapons
 o - a +0 trident (weapon)
Armour
 a - a +0 robe (worn)
Jewellery
 e - a ring of flight (left hand)
 l - a +3 ring of dexterity (right hand)
 n - an uncursed amulet of stasis
Magical devices
 g - a wand of flame (21)
Scrolls
 i - 2 scrolls of remove curse
 m - 2 scrolls of amnesia
 p - a scroll of identify
Potions
 d - a potion of haste
 f - a potion of flight
 k - a potion of brilliance
Books
 b - a book of Frost

   Spells                             Type                      Level
   a - Freeze                         Ice                          1
   b - Throw Frost                    Conjuration/Ice              2
   c - Ozocubu's Armour               Charms/Ice                   3
   d - Throw Icicle                   Conjuration/Ice              4
   e - Summon Ice Beast               Ice/Summoning                4
   f - Condensation Shield            Ice                          4
Comestibles
 c - 2 bread rations
 h - 2 meat rations


   Skills:
 + Level 6.3 Polearms
 - Level 2.6 Dodging
 - Level 2.1 Stealth
 - Level 2.0 Spellcasting
   Level 0.7 Conjurations
 * Level 8.2 Ice Magic


You had 2 spell levels left.
You knew the following spells:

 Your Spells              Type           Power        Failure   Level  Hunger
a - Freeze                Ice            ####         1%          1    #......
b - Ozocubu's Armour      Chrm/Ice       ####....     1%          3    ###....
c - Condensation Shield   Ice            #####.....   1%          4    #####..


Dungeon Overview and Level Annotations

Branches:
Dungeon (5/15)             Temple (1/1) D:4

Altars:
Ashenzari
Cheibriados
Dithmenos
Elyvilon
Makhleb
Nemelex Xobeh
Okawaru
Qazlal
Ru
Sif Muna
Trog
Vehumet
Xom
Zin
The Shining One

Annotations:
D:4 exclusion: statue
D:5 Grinder


Message History

The puff of flame hits the killer bee.
The killer bee is lightly wounded.
Evoking this partially-identified wand wasted a few charges.
* * * LOW HITPOINT WARNING * * *
You feel sick. The killer bee completely misses you.
The killer bee barely misses you.
Evoke which item? (* to show all) (? for menu, Esc to quit)
Okay, then.
Drink which item? (? for menu, Esc to quit)
It was a potion of agility.
You feel agile all of a sudden.
* * * LOW HITPOINT WARNING * * *
You feel sick. The killer bee closely misses you.
The killer bee closely misses you.
Drink which item? (? for menu, Esc to quit)
It was a potion of brilliance.
You feel clever all of a sudden.
* * * LOW HITPOINT WARNING * * *
You feel sick. The killer bee stings you!
You die...

.......#.........#
#......#
.......#.........#
#......#
.......#...##...##
+......+ ......##...
#...# #......#
......##...##...## ###
#......#
......##.........# ....
#......#
.......#.........# .....
.......#...(.....#......
.......#........@y......
.......+.........#......
#....###+####..### .....
#....# #..# .[.. .....#
..... ...
.....#....#>.... .?
.....#....#..... .
.....#....#.....# .....+
...# ..#


You could see a killer bee.

Vanquished Creatures
  A phantom (D:4)
  2 scorpions
  2 killer bees (D:5)
  A crimson imp (D:4)
  A centaur skeleton (D:4)
  2 giant frog skeletons
  An orc priest (D:4)
  Natasha (thrice) (D:4)
  3 orc wizards
  2 worker ants (D:4)
  A hound skeleton (D:4)
  6 adders
  An ooze (D:3)
  2 worms (D:2)
  An adder skeleton (D:4)
  3 giant geckos
  5 orcs
  A ball python (D:2)
  2 giant cockroaches
  4 goblins (D:1)
  9 hobgoblins
  2 jackals (D:4)
  8 kobolds
  3 quokkas
  A ball python skeleton (D:4)
  6 bats
  3 giant newts
  6 rats
82 creatures vanquished.

Notes
Turn   | Place    | Note
--------------------------------------------------------------
     0 | D:1      | Banto the Merfolk Ice Elementalist began the quest for the Orb.
     0 | D:1      | Reached XP level 1. HP: 13/13 MP: 3/3
   265 | D:1      | Reached XP level 2. HP: 5/19 MP: 0/5
   535 | D:1      | Reached skill level 4 in Ice Magic
  1585 | D:2      | Reached XP level 3. HP: 20/24 MP: 6/6
  1832 | D:2      | Reached skill level 1 in Polearms
  1867 | D:2      | Found a burning altar of Makhleb.
  2351 | D:3      | Reached XP level 4. HP: 27/30 MP: 4/7
  2390 | D:3      | Reached skill level 5 in Ice Magic
  2409 | D:3      | Learned a level 3 spell: Ozocubu's Armour
  2416 | D:3      | Found a stormy altar of Qazlal.
  2738 | D:4      | Noticed Natasha
  2802 | D:4      | Killed Natasha
  2802 | D:4      | Reached XP level 5. HP: 19/35 MP: 3/8
  3066 | D:4      | Found a radiant altar of Vehumet.
  3133 | D:4      | Reached skill level 6 in Ice Magic
  3375 | D:4      | Reached XP level 6. HP: 38/41 MP: 6/9
  3403 | D:4      | Found a radiant altar of Vehumet.
  3403 | D:4      | Noticed a frost-covered statue
  3403 | D:4      | Noticed a phantom
  3426 | D:4      | Found a staircase to the Ecumenical Temple.
  3482 | D:4      | Killed a phantom
  3490 | Temple   | Entered the Ecumenical Temple
  3679 | D:4      | Reached skill level 5 in Polearms
  3854 | D:4      | Reached skill level 7 in Ice Magic
  3929 | D:4      | Noticed Natasha
  3937 | D:4      | Killed Natasha
  3937 | D:4      | Reached XP level 7. HP: 46/46 MP: 6/10
  4372 | D:4      | Noticed Natasha
  4379 | D:4      | Killed Natasha
  4399 | D:5      | Entered Level 5 of the Dungeon
  4399 | D:5      | Noticed Grinder
  4677 | D:5      | Learned a level 4 spell: Condensation Shield
  4704 | D:5      | Found a burning altar of Makhleb.
  4795 | D:5      | Reached skill level 8 in Ice Magic
  4804 | D:5      | HP: 2/46 [poisoned by a killer bee]
  4804 | D:5      | Mangled by a killer bee

Vault maps used:
D:1:      dpeg_chamrin_arrival_tetris, hangedman_decor_riveting,
          minmay_misc_feat_encased
D:2:      lemuel_coloured_pillars_altar
D:3:      lemuel_round_altar
D:4:      vehumet_statue, minmay_temple_entry_junction2, serial_forest,
          infiniplex_forest_clump_long, infiniplex_forest_straight_1,
          infiniplex_forest_straight_2, infiniplex_forest_lined_corner,
          kennysheep_flooded_box, uniq_natasha
D:5:      first_bread, serial_shops, shop_statue, bloody_makhleb, uniq_grinder
Temple:   nicolae_temple_no_exploring_needed

Action                   |  1- 3 |  4- 6 |  7- 9 || total
-------------------------+-------+-------+-------++-------
Melee: Unarmed           |    15 |       |       ||    15
       Spear             |    59 |    23 |       ||    82
       Trident           |       |    85 |    28 ||   113
 Cast: Freeze            |    40 |    37 |    32 ||   109
       Ozocubu's Armour  |       |     2 |     1 ||     3
Evoke: Wand              |       |       |     5 ||     5
  Use: Scroll            |     2 |     4 |     3 ||     9
       Potion            |       |     1 |     2 ||     3
 Stab: Sleeping          |     4 |     4 |     1 ||     9
       Distracted        |     1 |       |       ||     1
  Eat: Chunk             |     5 |     6 |     4 ||    15
